Sabres vs Sharks

Created - September-29-14 at 17:08

Simulating a Pre-Season

Goals
1 2 3 OT1 SO T
Sabres 2 1 0 0 0 3
Sharks 2 0 1 0 2 4
Shots
1 2 3 OT1 SO T
Sabres 8 12 7 2 2 29
Sharks 10 1 6 1 2 18

1st period

1. Sharks , Kyle Turris 3 (Michael Kostka, Jordan Leopold) at 6:10 (PP)
2. Sabres , Brayden Schenn 1 (Brad Boyes, Josh Gorges) at 11:27
3. Sabres , Dan Girardi 1 (Thomas Vanek) at 12:39
4. Sharks , Tyler Bozak 3 (Matt Niskanen) at 19:41 (PP)

Penalties :
Josh Gorges (BUF) for Hooking (Minor) at 4:50, Michael Kostka (SJS) for Goalie Interference (Minor) at 6:56, Francois Beauchemin (BUF) for High sticking (Minor) at 16:01, Brayden Schenn (BUF) for Hooking (Minor) at 19:09

2nd period

5. Sabres , Matt Duchene 2 (Oliver Ekman-Larsson, Zach Parise) at 7:56

Penalties :
Francois Beauchemin (BUF) for Hooking (Minor) at 8:22, Michael Kostka (SJS) for Tripping (Minor) at 15:54

3rd period

6. Sharks , Kyle Quincey 2 (Kyle Turris, Matt Niskanen) at 15:16 (PP)

Penalties :
Francois Beauchemin (BUF) for Tripping (Minor) at 6:53, Paul Gaustad (BUF) for Hooking (Minor) at 14:04

Overtime #1

No Goal

Penalties :
Oliver Ekman-Larsson (BUF) for Hooking (Minor) at 0:10

Shootout

Penalty Shot by Matt Duchene for Sabres - Stopped by Jonas Hiller
Penalty Shot by Tyler Bozak for Sharks - Goal!
Penalty Shot by Zach Parise for Sabres - Stopped by Jonas Hiller
Penalty Shot by Jannik Hansen for Sharks - Goal!

Penalties :
No Penalty

Goalie Stats

Ondrej Pavelec (BUF), 15 saves from 18 shots - (0.833), OTL, 2-2-2, 65:00 minutes
Jonas Hiller (SJS), 26 saves from 29 shots - (0.897), W, 2-3-0, 65:00 minutes

Players Stats for Sabres

Player Name              G  A  P  +/- PIM S  H  SB GA TA FO     MP     PP MP  PK MP  
------------------------------------------------------------------------------------
Brad Boyes               0  1  1   2  0   4  0  0  0  0  1/1    17:59   2:08   0:00 
Brad Stuart              0  0  0   0  0   1  1  1  0  0  0/0    13:01   0:00   0:00 
Brayden Schenn           1  0  1   2  2   3  3  0  0  0  13/26  17:58   2:08   0:00 
Chris Stewart            0  0  0   0  0   0  0  0  0  0  0/0     5:00   0:00   0:00 
Dan Girardi              1  0  1   2  0   3  1  0  0  0  0/0    26:29   2:09   7:05 
Daniel Winnik            0  0  0   0  0   0  0  0  0  0  3/3    18:20   2:08   0:30 
Francois Beauchemin      0  0  0   1  6   1  3  1  0  0  0/0    21:59   1:49   1:53 
Grant Clitsome           0  0  0   0  0   0  0  0  0  0  0/0     1:51   0:00   0:25 
Jason Pominville         0  0  0   1  0   1  1  1  0  0  1/2    20:54   1:50   2:48 
Johnny Oduya             0  0  0   0  0   0  0  0  0  0  0/0    16:26   0:00   3:31 
Josh Gorges              0  1  1   1  2   0  0  2  0  0  0/0    23:41   1:49   3:33 
Matt Duchene             1  0  1   1  0   5  1  0  0  0  18/33  24:07   0:00   7:20 
Oliver Ekman-Larsson     0  1  1   2  2   1  1  1  0  0  0/0    26:28   2:09   5:33 
Paul Byron               0  0  0   0  0   1  3  0  0  0  0/0    11:01   0:00   0:00 
Paul Gaustad             0  0  0   0  2   1  2  0  0  0  8/14   11:35   0:00   0:00 
Thomas Vanek             0  1  1   2  0   2  1  0  0  0  1/1    21:17   1:50   2:48 
Tom Pyatt                0  0  0   0  0   0  0  0  0  0  0/3     5:00   0:00   0:00 
Zach Parise              0  1  1   1  0   6  3  0  0  0  1/6    25:47   1:50   6:35 

Players Stats for Sharks

Player Name              G  A  P  +/- PIM S  H  SB GA TA FO     MP     PP MP  PK MP  
------------------------------------------------------------------------------------
Andrew Shaw              0  0  0  -1  0   2  2  0  0  0  7/13   22:31   5:09   0:04 
Chris Butler             0  0  0   0  0   0  0  0  0  0  0/0     0:55   0:00   0:04 
Cory Sarich              0  0  0  -1  0   0  3  2  0  0  0/0    14:48   0:00   0:00 
Drew Stafford            0  0  0  -1  0   1  0  0  0  0  0/0    23:15   0:40   0:00 
Jannik Hansen            0  0  0  -1  0   1  3  0  0  0  5/8    27:12   4:35   2:45 
Jordan Leopold           0  1  1  -2  0   0  0  1  0  0  0/0    22:05   4:38   2:18 
Justin Falk              0  0  0   0  0   0  0  0  0  0  0/0     1:58   0:00   1:36 
Kyle Quincey             1  0  1  -1  0   2  1  2  0  0  0/0    22:54   4:23   1:36 
Kyle Turris              1  1  2   0  0   4  0  0  0  0  12/19  16:09   5:09   0:00 
Martin Havlat            0  0  0  -1  0   0  0  0  0  0  0/1     9:01   0:00   0:00 
Matt Beleskey            0  0  0  -1  0   0  5  0  0  0  0/2    20:27   3:46   0:00 
Matt Niskanen            0  2  2   0  0   1  1  2  0  0  0/0    28:27   4:23   2:22 
Michael Kostka           0  1  1  -2  4   3  1  0  0  0  0/0    18:00   4:38   0:00 
Rich Peverley            0  0  0  -1  0   0  0  0  0  0  7/17   14:33   0:00   1:09 
Rob Klinkhammer          0  0  0  -1  0   0  0  0  0  0  0/0    18:25   3:52   1:09 
Tyler Bozak              1  0  1  -1  0   3  2  0  0  0  12/28  25:28   3:52   2:49 
Viktor Stalberg          0  0  0  -1  0   0  0  0  0  0  0/1     9:01   0:00   0:00 
Vyacheslav Voynov        0  0  0   0  0   1  1  2  0  0  0/0    20:51   0:00   0:00 

3 Stars

1 - Dan Girardi (BUF)
2 - Kyle Turris (SJS)
3 - Brayden Schenn (BUF)

Power Play

Sabres - 0 on 2 Attempt(s) - 0.00%
Sharks - 3 on 7 Attempt(s) - 42.86%

Penalty Kill

Sabres - 4 on 7 Attempt(s) - 57.14% - Score 0 goal in Penalty Kill
Sharks - 2 on 2 Attempt(s) - 100.00% - Score 0 goal in Penalty Kill

Official

Referees : Mark Lemelin and Dave Lewis
Linesman : David Brisebois and Bryan Pancich

Game Notes

No Game Note

% Time on Ice - Sabres

Lines # - Real PCT - Wanted PCT - Time Play
Normal Forward
1 - 33% - 40% - 15:28
2 - 34% - 30% - 15:51
3 - 23% - 20% - 10:42
4 - 11% - 10% - 5:00
Normal Defense
1 - 34% - 40% - 16:03
2 - 35% - 30% - 16:37
3 - 27% - 20% - 12:55
4 - 3% - 10% - 1:26
PP Forward
1 - 46% - 60% - 1:50
2 - 54% - 40% - 2:08
PP Defense
1 - 54% - 60% - 2:09
2 - 46% - 40% - 1:49
PK Forward
1 - 69% - 60% - 6:13
2 - 31% - 40% - 2:48
PK Defense
1 - 62% - 60% - 5:33
2 - 38% - 40% - 3:28
PK3 Forward
1 - 82% - 60% - 1:37
2 - 18% - 40% - 0:22
PK3 Defense
1 - 77% - 60% - 1:32
2 - 23% - 40% - 0:27
44 Forward
1 - 73% - 60% - 2:13
2 - 27% - 40% - 0:48
44 Defense
1 - 43% - 60% - 1:18
2 - 57% - 40% - 1:43
Last Minute Offensive  - 0:00
Last Minute Defensive  - 0:00
Total
Forward - 65:00
Defense - 65:00

% Time on Ice - Sharks

Lines # - Real PCT - Wanted PCT - Time Play
Normal Forward
1 - 34% - 33% - 16:08
2 - 18% - 30% - 8:28
3 - 29% - 20% - 13:24
4 - 19% - 17% - 9:01
Normal Defense
1 - 39% - 45% - 18:12
2 - 28% - 35% - 13:10
3 - 31% - 20% - 14:48
4 - 2% - 0% - 0:51
PP Forward
1 - 43% - 60% - 3:52
2 - 57% - 40% - 5:09
PP Defense
1 - 49% - 60% - 4:23
2 - 51% - 40% - 4:38
PK Forward
1 - 71% - 60% - 2:49
2 - 29% - 40% - 1:09
PK Defense
1 - 40% - 60% - 1:36
2 - 60% - 40% - 2:22
PK3 Forward
1 - 0% - 60%
2 - 0% - 40%
PK3 Defense
1 - 0% - 60%
2 - 0% - 40%
44 Forward
1 - 64% - 60% - 3:12
2 - 36% - 40% - 1:48
44 Defense
1 - 53% - 60% - 2:39
2 - 47% - 40% - 2:21
Last Minute Offensive  - 0:00
Last Minute Defensive  - 0:00
Total
Forward - 65:00
Defense - 65:00

Play by Play

1st period


0:01 of 1st period - Matt Duchene wins face-off versus Tyler Bozak in neutral zone.
0:26 of 1st period - Shot by Zach Parise.
0:26 of 1st period - Stopped by Jonas Hiller without a rebound.
0:27 of 1st period - Kyle Turris wins face-off versus Brayden Schenn in Sharks zone.
0:36 of 1st period - Shot by Kyle Turris.
0:36 of 1st period - Stopped by Ondrej Pavelec without a rebound.
0:37 of 1st period - Daniel Winnik wins face-off versus Rich Peverley in Sabres zone.
0:46 of 1st period - Icing by Rich Peverley.
0:47 of 1st period - Thomas Vanek wins face-off versus Rich Peverley in Sharks zone.
1:01 of 1st period - Off-side.
1:02 of 1st period - Andrew Shaw wins face-off versus Tom Pyatt in neutral zone.
2:28 of 1st period - Shot by Tyler Bozak.
2:28 of 1st period - Stopped by Ondrej Pavelec without a rebound.
2:29 of 1st period - Brayden Schenn wins face-off versus Rich Peverley in Sabres zone.
4:00 of 1st period - Shot by Andrew Shaw.
4:00 of 1st period - Shot Misses the Net.
4:02 of 1st period - Shot by Vyacheslav Voynov.
4:02 of 1st period - Stopped by Ondrej Pavelec without a rebound.
4:03 of 1st period - Paul Gaustad wins face-off versus Tyler Bozak in Sabres zone.
4:03 of 1st period - Paul Gaustad is hit by Matt Beleskey.
4:19 of 1st period - Paul Byron is hit by Matt Beleskey and loses puck.
4:50 of 1st period - Minor Penalty to Josh Gorges for Hooking.
4:51 of 1st period - Matt Duchene wins face-off versus Kyle Turris in Sabres zone.
5:04 of 1st period - Shot by Matt Niskanen.
5:04 of 1st period - Shot Misses the Net.
5:10 of 1st period - Shot by Kyle Turris.
5:10 of 1st period - Shot Misses the Net.
5:12 of 1st period - Shot by Kyle Quincey.
5:12 of 1st period - Stopped by Ondrej Pavelec without a rebound.
5:13 of 1st period - Matt Duchene wins face-off versus Tyler Bozak in Sabres zone.
5:13 of 1st period - Matt Duchene is hit by Matt Beleskey.
5:25 of 1st period - Shot by Matt Niskanen.
5:25 of 1st period - Shot Hit the Post.
5:48 of 1st period - Off-side.
5:49 of 1st period - Matt Duchene wins face-off versus Kyle Turris in neutral zone.
5:55 of 1st period - Icing by Michael Kostka.
5:56 of 1st period - Kyle Turris wins face-off versus Zach Parise in Sharks zone.
5:56 of 1st period - Kyle Turris is hit by Zach Parise.
6:10 of 1st period - Shot by Michael Kostka.
6:10 of 1st period - Deflect By Kyle Turris.
6:10 of 1st period - Goal by Kyle Turris - Sabres : 0 - Sharks : 1.
6:11 of 1st period - Rich Peverley wins face-off versus Brayden Schenn in neutral zone.
6:31 of 1st period - Drew Stafford is hit by Brad Stuart.
6:40 of 1st period - Off-side.
6:41 of 1st period - Andrew Shaw wins face-off versus Matt Duchene in neutral zone.
6:49 of 1st period - Off-side.
6:50 of 1st period - Matt Duchene wins face-off versus Kyle Turris in neutral zone.
6:56 of 1st period - Minor Penalty to Michael Kostka for Goalie Interference.
6:57 of 1st period - Jannik Hansen wins face-off versus Zach Parise in Sharks zone.
7:06 of 1st period - Jason Pominville is hit by Tyler Bozak and loses puck.
7:28 of 1st period - Jannik Hansen is hit by Jason Pominville.
7:31 of 1st period - Off-side.
7:32 of 1st period - Jannik Hansen wins face-off versus Brayden Schenn in neutral zone.
7:43 of 1st period - Shot by Brayden Schenn.
7:43 of 1st period - Stopped by Jonas Hiller without a rebound.
7:44 of 1st period - Brayden Schenn wins face-off versus Rich Peverley in Sharks zone.
7:47 of 1st period - Shot by Francois Beauchemin.
7:47 of 1st period - Shot Misses the Net.
9:56 of 1st period - Icing by Dan Girardi.
9:57 of 1st period - Paul Gaustad wins face-off versus Tyler Bozak in Sabres zone.
10:57 of 1st period - Shot by Rich Peverley.
10:57 of 1st period - Shot Misses the Net.
10:59 of 1st period - Shot by Drew Stafford.
10:59 of 1st period - Deflect By Rich Peverley.
10:59 of 1st period - Shot Misses the Net.
11:01 of 1st period - Shot by Rob Klinkhammer.
11:01 of 1st period - Shot Blocked by Josh Gorges.
11:27 of 1st period - Shot by Brayden Schenn.
11:27 of 1st period - Goal by Brayden Schenn - Sabres : 1 - Sharks : 1.
11:28 of 1st period - Andrew Shaw wins face-off versus Matt Duchene in neutral zone.
12:01 of 1st period - Icing by Brad Stuart.
12:02 of 1st period - Tyler Bozak wins face-off versus Matt Duchene in Sabres zone.
12:39 of 1st period - Shot by Dan Girardi.
12:39 of 1st period - Goal by Dan Girardi - Sabres : 2 - Sharks : 1.
12:40 of 1st period - Brayden Schenn wins face-off versus Andrew Shaw in neutral zone.
12:48 of 1st period - Shot by Brad Boyes.
12:48 of 1st period - Stopped by Jonas Hiller without a rebound.
12:49 of 1st period - Kyle Turris wins face-off versus Brayden Schenn in Sharks zone.
13:19 of 1st period - Icing by Dan Girardi.
13:20 of 1st period - Tyler Bozak wins face-off versus Brayden Schenn in Sabres zone.
13:29 of 1st period - Shot by Oliver Ekman-Larsson.
13:29 of 1st period - Stopped by Jonas Hiller without a rebound.
13:30 of 1st period - Tyler Bozak wins face-off versus Zach Parise in Sharks zone.
13:55 of 1st period - Shot by Zach Parise.
13:55 of 1st period - Shot Misses the Net.
14:07 of 1st period - Shot by Matt Duchene.
14:07 of 1st period - Stopped by Jonas Hiller without a rebound.
14:08 of 1st period - Kyle Turris wins face-off versus Paul Gaustad in Sharks zone.
15:28 of 1st period - Shot by Zach Parise.
15:28 of 1st period - Shot Misses the Net.
15:58 of 1st period - Icing by Jason Pominville.
15:59 of 1st period - Andrew Shaw wins face-off versus Matt Duchene in Sabres zone.
16:01 of 1st period - Minor Penalty to Francois Beauchemin for High sticking.
16:02 of 1st period - Matt Duchene wins face-off versus Kyle Turris in Sabres zone.
16:15 of 1st period - Shot by Kyle Turris.
16:15 of 1st period - Deflect By Andrew Shaw.
16:15 of 1st period - Shot Misses the Net.
16:31 of 1st period - Shot by Michael Kostka.
16:31 of 1st period - Stopped by Ondrej Pavelec without a rebound.
16:32 of 1st period - Matt Duchene wins face-off versus Tyler Bozak in Sabres zone.
16:41 of 1st period - Shot by Matt Niskanen.
16:41 of 1st period - Stopped by Ondrej Pavelec without a rebound.
16:42 of 1st period - Tyler Bozak wins face-off versus Matt Duchene in Sabres zone.
16:52 of 1st period - Off-side.
16:53 of 1st period - Matt Duchene wins face-off versus Tyler Bozak in neutral zone.
17:08 of 1st period - Shot by Zach Parise.
17:08 of 1st period - Shot Blocked by Matt Niskanen.
17:26 of 1st period - Shot by Thomas Vanek.
17:26 of 1st period - Stopped by Jonas Hiller without a rebound.
17:27 of 1st period - Kyle Turris wins face-off versus Jason Pominville in Sharks zone.
17:37 of 1st period - Shot by Andrew Shaw.
17:37 of 1st period - Shot Blocked by Jason Pominville.
19:09 of 1st period - Minor Penalty to Brayden Schenn for Hooking.
19:10 of 1st period - Matt Duchene wins face-off versus Jannik Hansen in Sabres zone.
19:35 of 1st period - Shot by Michael Kostka.
19:35 of 1st period - Stopped by Ondrej Pavelec with a rebound.
19:37 of 1st period - Shot by Kyle Turris.
19:37 of 1st period - Stopped by Ondrej Pavelec without a rebound.
19:38 of 1st period - Tyler Bozak wins face-off versus Matt Duchene in Sabres zone.
19:41 of 1st period - Shot by Tyler Bozak.
19:41 of 1st period - Goal by Tyler Bozak - Sabres : 2 - Sharks : 2.
19:42 of 1st period - Brad Boyes wins face-off versus Andrew Shaw in neutral zone.
19:52 of 1st period - Brad Boyes is hit by Cory Sarich and loses puck.
Goals for this period are 2 for Sabres vs 2 for Sharks.
Shots for this period are 8 for Sabres vs 10 for Sharks.

2nd period


0:01 of 2nd period - Kyle Turris wins face-off versus Matt Duchene in neutral zone.
0:18 of 2nd period - Drew Stafford is hit by Oliver Ekman-Larsson.
0:20 of 2nd period - Shot by Kyle Turris.
0:20 of 2nd period - Stopped by Ondrej Pavelec without a rebound.
0:21 of 2nd period - Tyler Bozak wins face-off versus Brayden Schenn in Sabres zone.
0:21 of 2nd period - Tyler Bozak is hit by Francois Beauchemin.
1:06 of 2nd period - Off-side.
1:07 of 2nd period - Jason Pominville wins face-off versus Kyle Turris in neutral zone.
1:28 of 2nd period - Kyle Turris is hit by Dan Girardi and loses puck.
1:41 of 2nd period - Shot by Drew Stafford.
1:41 of 2nd period - Deflect By Andrew Shaw.
1:41 of 2nd period - Shot Misses the Net.
2:15 of 2nd period - Off-side.
2:16 of 2nd period - Brayden Schenn wins face-off versus Tyler Bozak in neutral zone.
2:29 of 2nd period - Shot by Brayden Schenn.
2:29 of 2nd period - Stopped by Jonas Hiller without a rebound.
2:30 of 2nd period - Daniel Winnik wins face-off versus Matt Beleskey in Sharks zone.
2:58 of 2nd period - Icing by Daniel Winnik.
2:59 of 2nd period - Paul Gaustad wins face-off versus Rich Peverley in Sabres zone.
3:08 of 2nd period - Matt Niskanen is hit by Paul Byron and loses puck.
3:13 of 2nd period - Shot by Paul Gaustad.
3:13 of 2nd period - Shot Misses the Net.
3:17 of 2nd period - Shot by Paul Gaustad.
3:17 of 2nd period - Stopped by Jonas Hiller without a rebound.
3:18 of 2nd period - Matt Duchene wins face-off versus Andrew Shaw in Sharks zone.
3:35 of 2nd period - Shot by Zach Parise.
3:35 of 2nd period - Shot Misses the Net.
3:37 of 2nd period - Shot by Dan Girardi.
3:37 of 2nd period - Stopped by Jonas Hiller with a rebound.
3:39 of 2nd period - Shot by Zach Parise.
3:39 of 2nd period - Stopped by Jonas Hiller without a rebound.
3:40 of 2nd period - Brayden Schenn wins face-off versus Tyler Bozak in Sharks zone.
3:54 of 2nd period - Brayden Schenn is hit by Vyacheslav Voynov.
4:16 of 2nd period - Matt Niskanen is hit by Brayden Schenn and loses puck.
4:50 of 2nd period - Shot by Zach Parise.
4:50 of 2nd period - Shot Blocked by Vyacheslav Voynov.
4:52 of 2nd period - Shot by Jason Pominville.
4:52 of 2nd period - Shot Misses the Net.
5:26 of 2nd period - Vyacheslav Voynov is hit by Paul Gaustad.
5:45 of 2nd period - Off-side.
5:46 of 2nd period - Rich Peverley wins face-off versus Brayden Schenn in neutral zone.
6:13 of 2nd period - Shot by Brad Boyes.
6:13 of 2nd period - Stopped by Jonas Hiller with a rebound.
6:15 of 2nd period - Shot by Francois Beauchemin.
6:15 of 2nd period - Shot Blocked by Kyle Quincey.
6:52 of 2nd period - Kyle Quincey is hit by Paul Gaustad.
7:16 of 2nd period - Icing by Paul Byron.
7:17 of 2nd period - Paul Gaustad wins face-off versus Viktor Stalberg in Sabres zone.
7:43 of 2nd period - Shot by Zach Parise.
7:43 of 2nd period - Deflect By Matt Duchene.
7:43 of 2nd period - Shot Misses the Net.
7:52 of 2nd period - Shot by Zach Parise.
7:52 of 2nd period - Shot Misses the Net.
7:56 of 2nd period - Shot by Matt Duchene.
7:56 of 2nd period - Goal by Matt Duchene - Sabres : 3 - Sharks : 2.
7:57 of 2nd period - Brayden Schenn wins face-off versus Tyler Bozak in neutral zone.
7:57 of 2nd period - Josh Gorges is hit by Matt Beleskey and loses puck.
8:17 of 2nd period - Shot by Matt Beleskey.
8:17 of 2nd period - Shot Blocked by Francois Beauchemin.
8:22 of 2nd period - Minor Penalty to Francois Beauchemin for Hooking.
8:23 of 2nd period - Zach Parise wins face-off versus Jannik Hansen in Sabres zone.
10:54 of 2nd period - Off-side.
10:55 of 2nd period - Rich Peverley wins face-off versus Paul Gaustad in neutral zone.
11:53 of 2nd period - Shot by Matt Duchene.
11:53 of 2nd period - Shot Misses the Net.
12:19 of 2nd period - Shot by Matt Duchene.
12:19 of 2nd period - Stopped by Jonas Hiller without a rebound.
12:20 of 2nd period - Andrew Shaw wins face-off versus Brayden Schenn in Sharks zone.
12:51 of 2nd period - Cory Sarich is hit by Brayden Schenn and loses puck.
13:43 of 2nd period - Icing by Francois Beauchemin.
13:44 of 2nd period - Rich Peverley wins face-off versus Tom Pyatt in Sabres zone.
15:54 of 2nd period - Minor Penalty to Michael Kostka for Tripping.
15:55 of 2nd period - Jannik Hansen wins face-off versus Brayden Schenn in Sharks zone.
16:00 of 2nd period - Josh Gorges is hit by Jannik Hansen and loses puck.
16:11 of 2nd period - Shot by Brad Boyes.
16:11 of 2nd period - Stopped by Jonas Hiller without a rebound.
16:12 of 2nd period - Jannik Hansen wins face-off versus Brayden Schenn in Sharks zone.
16:39 of 2nd period - Shot by Daniel Winnik.
16:39 of 2nd period - Shot Misses the Net.
16:41 of 2nd period - Shot by Dan Girardi.
16:41 of 2nd period - Shot Blocked by Matt Niskanen.
16:43 of 2nd period - Shot by Brad Boyes.
16:43 of 2nd period - Shot Misses the Net.
16:45 of 2nd period - Shot by Dan Girardi.
16:45 of 2nd period - Stopped by Jonas Hiller without a rebound.
16:46 of 2nd period - Rich Peverley wins face-off versus Zach Parise in Sharks zone.
16:46 of 2nd period - Rich Peverley is hit by Zach Parise.
17:00 of 2nd period - Shot by Zach Parise.
17:00 of 2nd period - Stopped by Jonas Hiller without a rebound.
17:01 of 2nd period - Jannik Hansen wins face-off versus Zach Parise in Sharks zone.
17:01 of 2nd period - Jannik Hansen is hit by Zach Parise.
17:34 of 2nd period - Shot by Zach Parise.
17:34 of 2nd period - Stopped by Jonas Hiller with a rebound.
17:44 of 2nd period - Matt Niskanen is hit by Thomas Vanek and loses puck.
17:59 of 2nd period - Shot by Paul Byron.
17:59 of 2nd period - Stopped by Jonas Hiller without a rebound.
18:00 of 2nd period - Kyle Turris wins face-off versus Paul Gaustad in Sharks zone.
18:44 of 2nd period - Kyle Quincey is hit by Paul Byron and loses puck.
19:02 of 2nd period - Off-side.
19:03 of 2nd period - Brayden Schenn wins face-off versus Tyler Bozak in neutral zone.
19:03 of 2nd period - Thomas Vanek is hit by Jannik Hansen and loses puck.
Goals for this period are 1 for Sabres vs 0 for Sharks.
Shots for this period are 12 for Sabres vs 1 for Sharks.

3rd period


0:01 of 3rd period - Kyle Turris wins face-off versus Matt Duchene in neutral zone.
0:39 of 3rd period - Shot by Jason Pominville.
0:39 of 3rd period - Stopped by Jonas Hiller without a rebound.
0:40 of 3rd period - Brayden Schenn wins face-off versus Tyler Bozak in Sharks zone.
0:42 of 3rd period - Brad Boyes is hit by Michael Kostka and loses puck.
1:09 of 3rd period - Thomas Vanek is hit by Matt Beleskey and loses puck.
2:03 of 3rd period - Icing by Rich Peverley.
2:04 of 3rd period - Matt Duchene wins face-off versus Rich Peverley in Sharks zone.
2:12 of 3rd period - Off-side.
2:13 of 3rd period - Andrew Shaw wins face-off versus Matt Duchene in neutral zone.
2:40 of 3rd period - Shot by Zach Parise.
2:40 of 3rd period - Stopped by Jonas Hiller without a rebound.
2:41 of 3rd period - Paul Gaustad wins face-off versus Tyler Bozak in Sharks zone.
2:54 of 3rd period - Shot by Matt Beleskey.
2:54 of 3rd period - Shot Misses the Net.
2:56 of 3rd period - Shot by Matt Beleskey.
2:56 of 3rd period - Shot Misses the Net.
2:58 of 3rd period - Shot by Jannik Hansen.
2:58 of 3rd period - Stopped by Ondrej Pavelec with a rebound.
3:00 of 3rd period - Shot by Matt Beleskey.
3:00 of 3rd period - Shot Blocked by Brad Stuart.
3:02 of 3rd period - Shot by Matt Beleskey.
3:02 of 3rd period - Deflect By Tyler Bozak.
3:02 of 3rd period - Shot Misses the Net.
3:10 of 3rd period - Shot by Tyler Bozak.
3:10 of 3rd period - Stopped by Ondrej Pavelec without a rebound.
3:11 of 3rd period - Kyle Turris wins face-off versus Matt Duchene in Sabres zone.
4:34 of 3rd period - Shot by Tyler Bozak.
4:34 of 3rd period - Shot Misses the Net.
4:36 of 3rd period - Shot by Jannik Hansen.
4:36 of 3rd period - Shot Blocked by Josh Gorges.
4:38 of 3rd period - Shot by Jordan Leopold.
4:38 of 3rd period - Shot Misses the Net.
4:40 of 3rd period - Shot by Michael Kostka.
4:40 of 3rd period - Shot Misses the Net.
4:42 of 3rd period - Shot by Michael Kostka.
4:42 of 3rd period - Stopped by Ondrej Pavelec without a rebound.
4:43 of 3rd period - Rich Peverley wins face-off versus Paul Gaustad in Sabres zone.
5:04 of 3rd period - Icing by Cory Sarich.
5:05 of 3rd period - Matt Duchene wins face-off versus Rich Peverley in Sharks zone.
5:09 of 3rd period - Jason Pominville is hit by Cory Sarich.
5:15 of 3rd period - Shot by Zach Parise.
5:15 of 3rd period - Deflect By Matt Duchene.
5:15 of 3rd period - Shot Misses the Net.
5:24 of 3rd period - Icing by Kyle Quincey.
5:25 of 3rd period - Brayden Schenn wins face-off versus Rich Peverley in Sharks zone.
5:25 of 3rd period - Thomas Vanek is hit by Cory Sarich and loses puck.
5:38 of 3rd period - Shot by Brayden Schenn.
5:38 of 3rd period - Shot Blocked by Kyle Quincey.
5:59 of 3rd period - Kyle Quincey is hit by Brayden Schenn and loses puck.
6:30 of 3rd period - Icing by Thomas Vanek.
6:31 of 3rd period - Brayden Schenn wins face-off versus Martin Havlat in Sabres zone.
6:47 of 3rd period - Icing by Francois Beauchemin.
6:48 of 3rd period - Tyler Bozak wins face-off versus Brayden Schenn in Sabres zone.
6:48 of 3rd period - Matt Niskanen is hit by Francois Beauchemin.
6:51 of 3rd period - Icing by Brayden Schenn.
6:52 of 3rd period - Tyler Bozak wins face-off versus Brayden Schenn in Sabres zone.
6:52 of 3rd period - Tyler Bozak is hit by Francois Beauchemin.
6:53 of 3rd period - Minor Penalty to Francois Beauchemin for Tripping.
6:54 of 3rd period - Kyle Turris wins face-off versus Matt Duchene in Sabres zone.
7:04 of 3rd period - Icing by Michael Kostka.
7:05 of 3rd period - Kyle Turris wins face-off versus Matt Duchene in Sharks zone.
7:05 of 3rd period - Kyle Turris is hit by Matt Duchene.
7:29 of 3rd period - Shot by Jannik Hansen.
7:29 of 3rd period - Shot Blocked by Oliver Ekman-Larsson.
8:30 of 3rd period - Jason Pominville is hit by Kyle Quincey and loses puck.
8:35 of 3rd period - Shot by Thomas Vanek.
8:35 of 3rd period - Stopped by Jonas Hiller without a rebound.
8:36 of 3rd period - Matt Duchene wins face-off versus Kyle Turris in Sharks zone.
8:53 of 3rd period - Shot by Andrew Shaw.
8:53 of 3rd period - Stopped by Ondrej Pavelec without a rebound.
8:54 of 3rd period - Brayden Schenn wins face-off versus Rich Peverley in Sabres zone.
9:15 of 3rd period - Shot by Brayden Schenn.
9:15 of 3rd period - Shot Misses the Net.
9:35 of 3rd period - Shot by Brayden Schenn.
9:35 of 3rd period - Deflect By Brad Boyes.
9:35 of 3rd period - Shot Hit the Post.
10:10 of 3rd period - Icing by Matt Niskanen.
10:11 of 3rd period - Rich Peverley wins face-off versus Matt Duchene in Sharks zone.
11:17 of 3rd period - Shot by Thomas Vanek.
11:17 of 3rd period - Shot Misses the Net.
11:19 of 3rd period - Shot by Oliver Ekman-Larsson.
11:19 of 3rd period - Shot Misses the Net.
11:21 of 3rd period - Shot by Oliver Ekman-Larsson.
11:21 of 3rd period - Shot Blocked by Vyacheslav Voynov.
11:23 of 3rd period - Shot by Brad Boyes.
11:23 of 3rd period - Stopped by Jonas Hiller without a rebound.
11:24 of 3rd period - Paul Gaustad wins face-off versus Tyler Bozak in Sharks zone.
11:29 of 3rd period - Shot by Paul Byron.
11:29 of 3rd period - Shot Blocked by Jordan Leopold.
11:42 of 3rd period - Off-side.
11:43 of 3rd period - Brayden Schenn wins face-off versus Andrew Shaw in neutral zone.
12:01 of 3rd period - Shot by Brayden Schenn.
12:01 of 3rd period - Shot Blocked by Cory Sarich.
12:03 of 3rd period - Shot by Oliver Ekman-Larsson.
12:03 of 3rd period - Shot Misses the Net.
12:51 of 3rd period - Shot by Jason Pominville.
12:51 of 3rd period - Shot Blocked by Cory Sarich.
12:53 of 3rd period - Shot by Matt Duchene.
12:53 of 3rd period - Stopped by Jonas Hiller without a rebound.
12:54 of 3rd period - Tyler Bozak wins face-off versus Tom Pyatt in Sharks zone.
13:13 of 3rd period - Off-side.
13:14 of 3rd period - Matt Duchene wins face-off versus Tyler Bozak in neutral zone.
13:31 of 3rd period - Shot by Zach Parise.
13:31 of 3rd period - Stopped by Jonas Hiller with a rebound.
13:33 of 3rd period - Shot by Jason Pominville.
13:33 of 3rd period - Shot Misses the Net.
13:37 of 3rd period - Shot by Matt Duchene.
13:37 of 3rd period - Shot Misses the Net.
13:39 of 3rd period - Shot by Francois Beauchemin.
13:39 of 3rd period - Stopped by Jonas Hiller without a rebound.
13:40 of 3rd period - Paul Gaustad wins face-off versus Kyle Turris in Sharks zone.
14:00 of 3rd period - Dan Girardi is hit by Matt Niskanen and loses puck.
14:04 of 3rd period - Minor Penalty to Paul Gaustad for Hooking.
14:05 of 3rd period - Matt Duchene wins face-off versus Tyler Bozak in Sabres zone.
14:18 of 3rd period - Shot by Jordan Leopold.
14:18 of 3rd period - Shot Misses the Net.
14:57 of 3rd period - Dan Girardi is hit by Andrew Shaw and loses puck.
15:14 of 3rd period - Shot by Kyle Turris.
15:14 of 3rd period - Shot Misses the Net.
15:16 of 3rd period - Shot by Kyle Quincey.
15:16 of 3rd period - Goal by Kyle Quincey - Sabres : 3 - Sharks : 3.
15:17 of 3rd period - Andrew Shaw wins face-off versus Paul Gaustad in neutral zone.
15:40 of 3rd period - Icing by Johnny Oduya.
15:41 of 3rd period - Tyler Bozak wins face-off versus Paul Gaustad in Sabres zone.
16:11 of 3rd period - Icing by Brad Stuart.
16:12 of 3rd period - Paul Gaustad wins face-off versus Rich Peverley in Sabres zone.
16:17 of 3rd period - Matt Niskanen is hit by Paul Byron and loses puck.
16:31 of 3rd period - Icing by Oliver Ekman-Larsson.
16:32 of 3rd period - Matt Duchene wins face-off versus Andrew Shaw in Sabres zone.
16:32 of 3rd period - Matt Duchene is hit by Andrew Shaw.
17:00 of 3rd period - Shot by Andrew Shaw.
17:00 of 3rd period - Stopped by Ondrej Pavelec without a rebound.
17:01 of 3rd period - Tyler Bozak wins face-off versus Brayden Schenn in Sabres zone.
19:51 of 3rd period - Off-side.
19:52 of 3rd period - Brayden Schenn wins face-off versus Andrew Shaw in neutral zone.
Goals for this period are 0 for Sabres vs 1 for Sharks.
Shots for this period are 7 for Sabres vs 6 for Sharks.

Overtime #1


0:01 of 1st overtime period - Matt Duchene wins face-off versus Tyler Bozak in neutral zone.
0:10 of 1st overtime period - Minor Penalty to Oliver Ekman-Larsson for Hooking.
0:11 of 1st overtime period - Tyler Bozak wins face-off versus Matt Duchene in Sabres zone.
1:27 of 1st overtime period - Shot by Kyle Turris.
1:27 of 1st overtime period - Shot Misses the Net.
1:39 of 1st overtime period - Shot by Drew Stafford.
1:39 of 1st overtime period - Stopped by Ondrej Pavelec without a rebound.
1:40 of 1st overtime period - Daniel Winnik wins face-off versus Jannik Hansen in Sabres zone.
1:40 of 1st overtime period - Daniel Winnik is hit by Tyler Bozak.
3:23 of 1st overtime period - Dan Girardi is hit by Jannik Hansen and loses puck.
4:40 of 1st overtime period - Shot by Brad Stuart.
4:40 of 1st overtime period - Stopped by Jonas Hiller without a rebound.
4:41 of 1st overtime period - Matt Duchene wins face-off versus Matt Beleskey in Sharks zone.
4:48 of 1st overtime period - Shot by Matt Duchene.
4:48 of 1st overtime period - Stopped by Jonas Hiller without a rebound.
4:49 of 1st overtime period - Kyle Turris wins face-off versus Matt Duchene in Sharks zone.
Goals for this period are 0 for Sabres vs 0 for Sharks.
Shots for this period are 2 for Sabres vs 1 for Sharks.

ShootOut


5:00 of 1st overtime period - Penalty Shot by Matt Duchene for Sabres.
5:00 of 1st overtime period - Stopped by Jonas Hiller.
5:00 of 1st overtime period - Penalty Shot by Tyler Bozak for Sharks.
5:00 of 1st overtime period - Goal by Tyler Bozak.
5:00 of 1st overtime period - Penalty Shot by Zach Parise for Sabres.
5:00 of 1st overtime period - Stopped by Jonas Hiller.
5:00 of 1st overtime period - Penalty Shot by Jannik Hansen for Sharks.
5:00 of 1st overtime period - Goal by Jannik Hansen.


Output by the SimonT Hockey Simulator (STHS) for Stephane Roy -- Original Page W3C XHTML 1.0 Valid
Hockey Simulator - Hockey Simulation - Hockey Manager